 Dungeon Crawl Stone Soup version 0.30.0-29-ga12c61a403 (webtiles) character file.

Game seed: 926183901621908403

2332 qw the Cleaver (level 9, -1/57 HPs)
             Began as a Gargoyle Fighter on June 5, 2023.
             Slain by Erica
             ... wielding a +4 scimitar of flaming
              (15 damage)
             ... on level 8 of the Dungeon.
             The game lasted 00:03:03 (7169 turns).

qw the Cleaver (Gargoyle Fighter)                   Turns: 7169, Time: 00:03:05

Health: -1/57      AC: 22    Str: 28    XL:     9   Next: 42%
Magic:  9/9        EV:  9    Int: 11    God:
Gold:   49         SH:  4    Dex:  7    Spells: 8/8 levels left

rFire   . . .        Y - +3 war axe
rCold   . . .        c - +0 buckler
rNeg    + . .        a - +0 chain mail
rPois   inf          (no helmet)
rElec   +            e - +0 cloak
rCorr   .            q - +0 pair of gloves {Stlth+}
SInv    .            (no boots)
Will    +....        (no amulet) Stlth
                     m - +4 ring of protection
HPRegen 0.29/turn    (no ring)
MPRegen 0.11/turn

%: no passive effects
@: no status effects
A: sickness immunity, AC +6, negative energy resistance 1, electricity
resistance, torment resistance 1, petrification resistance, clever 1,
strong-willed 1, strong 1
a: no special abilities


You were on level 8 of the Dungeon.
You visited 2 branches of the dungeon, and saw 9 of its levels.

You collected 310 gold pieces.
You spent 261 gold pieces at shops.


Innate Abilities, Weirdness & Mutations

You are immune to sickness and miasma.
Your stone body is resilient. (AC +6)
You are immune to poison.
You resist negative energy. (rN+)
You are resistant to electric shocks. (rElec)
You are resistant to unholy torment.
You are immune to petrification.
Your mind is acute. (Int +4, Str/Dex -1)
You are strong-willed. (Will+)
Your muscles are strong. (Str +4, Int/Dex -1)


   Skills:
 - Level 7.1 Fighting
 + Level 9.2 Axes
 - Level 5.0 Armour
 - Level 1.6 Dodging
 - Level 4.1 Shields


You had 8 spell levels left.
You didn't know any spells.
Your spell library was empty.

Inventory:

Hand Weapons
 h - a +2 flail of holy wrath
 Y - a +3 war axe (weapon)
Armour
 a - a +0 chain mail (worn)
 c - a +0 buckler (worn)
 e - a +0 cloak (worn)
 q - a +0 pair of gloves of stealth (worn)
Jewellery
 m - a +4 ring of protection (left hand)
Scrolls
 n - 3 scrolls of teleportation
 o - 2 scrolls of identify
Potions
 d - 2 potions of might
 f - 2 potions of lignification
 g - 3 potions of curing
 i - 2 potions of attraction
 j - 7 potions of heal wounds
 k - a potion of magic
 p - a potion of mutation

Dungeon Overview and Level Annotations

Branches:
Dungeon (8/15)             Temple (1/1) D:7
   Lair: D:8-11

Altars:
Ashenzari
Cheibriados
Dithmenos
Elyvilon
Fedhas
Gozag
Hepliaklqana
Kikubaaqudgha
Makhleb
Nemelex Xobeh
Ru
Sif Muna
Uskayaw
Wu Jian
Xom
Zin
The Shining One

Shops:
D:5 :((*[   D:7 ?[=

Annotations:
D:3 1 runed translucent door, Crazy Yiuf
D:4 3 runed translucent doors, qw's ghost, amateur GrFi
D:6 2 runed translucent doors, qw's ghost, novice GrFi
D:7 1 runed translucent door
D:8 Erica


Message History

HP restored.
Things that are here:
a +0 flail; a +0 halberd; a gnoll corpse
Things that are here:
a +0 flail; a +0 halberd; a gnoll corpse
Things that are here:
a +0 whip; a gnoll corpse You see here a +0 club.
Erica the Fiery-Tempered comes into view.
She is wielding a +4 scimitar of flaming.
Erica shouts!
Erica screams, "Hurry, death AWAITS you!"
Enter note:
Enter note: Erica casts a spell at you.
The bolt of poison hits you but does no damage.
You resist.
Enter note:
Enter note: You closely miss Erica.
Erica hits you but does no damage.
You hit Erica.
Erica is lightly wounded.
Erica says, "I love to fight, but killing is better."
Erica gestures wildly while chanting.
Erica flickers and vanishes!
Deactivating autopickup; reactivate with Ctrl-A.
You completely miss something. Something hits you but does no damage.
You slash something! You miss something. Something hits you.
Something burns you.
You barely miss something. Something hits you! Something burns you.
You closely miss something. Something hits you! Something burns you.
You barely miss something. Something hits you. Something burns you.
You slash something! Something hits you!
You die...

#.### #.### #.#.. #.#.#
#.#.. ##############.##.
.............#...^
...#######.#.#.#...####.
#....{@................
#.#######.#.#.#....##..
##..........##.<
#..#.#.#....##.#
#.........####.#
#..######## #.. #####..#
### #......#####
#..#####....#


There were no monsters in sight!

Vanquished Creatures
  Grinder (D:4)
  Eustachio (D:5)
  Edmund (D:5)
  2 water moccasins
  2 black bears
  3 ogres
  A centaur (D:7)
  2 kobold brigands
  A bullfrog (D:8)
  A necrophage (D:5)
  3 scorpions
  4 hounds
  2 orc priests
  3 jellies (D:6)
  2 gnoll boudas
  Ijyb (D:5)
  An iguana (D:5)
  5 orc wizards
  A hound skeleton (D:5)
  9 gnolls
  2 adders
  2 shadow imps
  2 ufetubi
  A worm (D:1)
  2 dart slugs
  11 orcs
  8 bats
  6 endoplasms
  4 giant cockroaches
  7 goblins
  6 hobgoblins
  2 jackals (D:3)
  5 quokkas
  6 ball pythons
  A frilled lizard (D:1)
  11 kobolds
  8 rats
130 creatures vanquished.

Notes
Turn   | Place    | Note
-------+----------+-------------------------------------------
     0 | D:1      | qw the Gargoyle Fighter began the quest for the Orb.
     0 | D:1      | Reached XP level 1. HP: 14/14 MP: 1/1
     0 | D:1      | 0 ||| qw: Version: 0.2-a-108-gee2c290
     0 | D:1      | 0 ||| qw: Game counter: 1398
     0 | D:1      | 0 ||| qw: Always use a shield: true
     0 | D:1      | 0 ||| qw: God list: Okawaru
     0 | D:1      | 0 ||| qw: Allow faded altars: false
     0 | D:1      | 0 ||| qw: Do Orc after D:15 true
     0 | D:1      | 0 ||| qw: Do second Lair branch before Depths: true
     0 | D:1      | 0 ||| qw: Lair rune preference: random
     0 | D:1      | 0 ||| qw: Plans: Normal, Zot:1-4, Slime:5, God:TSO, Crypt,
                  | Tomb, Abyss, Pan, Hells, Win
     0 | D:1      | 0 ||| PLANNING D:1-11
    24 | D:1      | Reached skill level 2 in Axes
    49 | D:2      | 49 ||| FLEEEEING.
    52 | D:2      | 52 ||| FLEEEEING.
    53 | D:2      | 53 ||| STAIRDANCE
    57 | D:2      | 57 ||| STAIRDANCE
    61 | D:2      | 61 ||| STAIRDANCE
    69 | D:2      | 69 ||| STAIRDANCE
    73 | D:2      | 73 ||| STAIRDANCE
    77 | D:2      | 77 ||| STAIRDANCE
    81 | D:2      | 81 ||| STAIRDANCE
    85 | D:2      | 85 ||| STAIRDANCE
    89 | D:2      | 89 ||| STAIRDANCE
    93 | D:2      | 93 ||| STAIRDANCE
    97 | D:2      | 97 ||| STAIRDANCE
   101 | D:2      | 101 ||| STAIRDANCE
   105 | D:2      | 105 ||| STAIRDANCE
   109 | D:2      | 109 ||| STAIRDANCE
   113 | D:2      | 113 ||| STAIRDANCE
   117 | D:2      | 117 ||| STAIRDANCE
   121 | D:2      | 121 ||| STAIRDANCE
   125 | D:2      | 125 ||| STAIRDANCE
   129 | D:2      | 129 ||| STAIRDANCE
   133 | D:2      | 133 ||| STAIRDANCE
   141 | D:2      | 141 ||| FLEEEEING.
   142 | D:2      | 142 ||| FLEEEEING.
   155 | D:1      | Reached XP level 2. HP: 18/19 MP: 2/2
   167 | D:1      | 167 ||| DROPPING +0 club.
   227 | D:1      | 227 ||| Stepping ~*~*~tactically~*~*~ (hiding).
   374 | D:1      | 374 ||| Stepping ~*~*~tactically~*~*~ (stealth).
   381 | D:1      | Reached skill level 3 in Axes
   413 | D:1      | Reached XP level 3. HP: 23/23 MP: 3/3
   502 | D:1      | 502 ||| DROPPING +0 whip.
  1092 | D:1      | 1092 ||| UPGRADING to +0 cloak.
  1097 | D:1      | 1097 ||| DRINKING 3 puce potions.
  1650 | D:2      | 1650 ||| Stepping ~*~*~tactically~*~*~ (stealth).
  1782 | D:2      | 1782 ||| UPGRADING to +4 ring of protection.
  1783 | D:2      | 1783 ||| READING scroll labelled LESORUHIO.
  1788 | D:2      | 1788 ||| READING scroll labelled GOLAV MEDGHUA.
  1789 | D:2      | 1789 ||| READING 2 scrolls labelled OMUTU KEGAEMMUNN.
  1790 | D:2      | 1790 ||| READING scroll labelled KAT PUD YROHO.
  1791 | D:2      | 1791 ||| DRINKING 2 red potions.
  1791 | D:2      | Gained mutation: Your mind is acute. (Int +4, Str/Dex -1)
                  | [potion of mutation]
  1791 | D:2      | Gained mutation: Your muscles are strong. (Str +4, Int/Dex
                  | -1) [potion of mutation]
  1791 | D:2      | Gained mutation: You are strong-willed. (Will+) [potion of
                  | mutation]
  1792 | D:2      | 1792 ||| DROPPING scroll of fear.
  1977 | D:3      | 1977 ||| READING scroll labelled OMYMAU YROIRU.
  1987 | D:3      | Found a snail-covered altar of Cheibriados.
  1998 | D:3      | Reached XP level 4. HP: 28/28 MP: 4/4
  2058 | D:3      | Found a white marble altar of Elyvilon.
  2090 | D:3      | 2090 ||| Stepping ~*~*~tactically~*~*~ (stealth).
  2091 | D:3      | 2091 ||| Stepping ~*~*~tactically~*~*~ (stealth).
  2092 | D:3      | 2092 ||| Stepping ~*~*~tactically~*~*~ (stealth).
  2165 | D:3      | Found a runed translucent door.
  2166 | D:3      | Noticed Crazy Yiuf
  2224 | D:3      | 2224 ||| Stepping ~*~*~tactically~*~*~ (stealth).
  2233 | D:3      | Found a broken altar of Ashenzari.
  2358 | D:3      | 2358 ||| Stepping ~*~*~tactically~*~*~ (stealth).
  2555 | D:3      | Found a shimmering blue altar of Sif Muna.
  2608 | D:3      | 2608 ||| READING scroll labelled CONGUD DI DOM.
  2609 | D:3      | 2609 ||| READING scroll labelled NAUCISA VIVEON.
  2673 | D:4      | Reached skill level 4 in Axes
  2793 | D:4      | Found a runed translucent gate.
  2793 | D:4      | Found a runed translucent gate.
  2793 | D:4      | Found a runed translucent gate.
  2797 | D:4      | Noticed qw's ghost (amateur GrFi)
  2801 | D:4      | Identified the +6 plate armour of Indecent Exposure {rN+
                  | Regen+ Dex+4 Slay+3}
  2801 | D:4      | Noticed an orc warrior
  2915 | D:4      | Noticed a +0 hand axe
  2916 | D:4      | Noticed a +0 hand axe
  2917 | D:4      | Found a hide-covered altar of Uskayaw.
  3229 | D:4      | 3229 ||| Stepping ~*~*~tactically~*~*~ (hiding).
  3504 | D:4      | 3504 ||| UPGRADING to +0 pair of gloves of stealth.
  3509 | D:4      | 3509 ||| DROPPING ring of magical power.
  3510 | D:4      | 3510 ||| READING scroll labelled DONLI RYOMI.
  3511 | D:4      | 3511 ||| READING scroll labelled SAPTUBBOTOF.
  3612 | D:4      | 3612 ||| DRINKING 2 brown potions.
  3613 | D:4      | 3613 ||| READING 4 scrolls of identify.
  3613 | D:4      | 3613 ||| IDENTIFYING amethyst potion
  3614 | D:4      | 3614 ||| READING 3 scrolls of identify.
  3614 | D:4      | 3614 ||| IDENTIFYING golden potion
  3615 | D:4      | 3615 ||| READING 2 scrolls of identify.
  3615 | D:4      | 3615 ||| IDENTIFYING white potion
  3616 | D:4      | 3616 ||| DROPPING potion of flight.
  3617 | D:4      | 3617 ||| DROPPING potion of brilliance.
  3631 | D:5      | Entered Level 5 of the Dungeon
  3631 | D:5      | Noticed a kobold brigand
  3634 | D:5      | Noticed a black bear
  3635 | D:5      | Noticed Grinder
  3638 | D:5      | 3638 ||| STAIRDANCE
  3644 | D:4      | Killed a kobold brigand
  3645 | D:4      | Reached skill level 5 in Axes
  3645 | D:4      | Reached XP level 5. HP: 14/32 MP: 5/5
  3741 | D:5      | 3741 ||| STAIRDANCE
  3745 | D:4      | Reached XP level 6. HP: 30/38 MP: 6/6
  3747 | D:4      | Killed a black bear
  3752 | D:4      | Killed Grinder
  3753 | D:4      | Reached skill level 6 in Axes
  3753 | D:4      | Reached XP level 7. HP: 16/43 MP: 7/7
  3935 | D:5      | Reached skill level 1 in Dodging
  3956 | D:5      | Found a blossoming altar of Fedhas.
  3978 | D:5      | Reached skill level 7 in Axes
  4010 | D:5      | Found Qoog's Antique Armour Shop.
  4021 | D:5      | 4021 ||| BUYING chain mail (121 gold).
  4021 | D:5      | Bought a chain mail for 121 gold pieces
  4021 | D:5      | 4021 ||| SHOPLISTING glowing ring mail (189 gold, have 35).
  4090 | D:5      | Reached XP level 8. HP: 32/49 MP: 8/8
  4236 | D:5      | Noticed Edmund
  4246 | D:5      | Killed Edmund
  4254 | D:5      | 4254 ||| DROPPING +0 flail.
  4257 | D:5      | Found Nucweet's Weapon Shoppe.
  4265 | D:5      | 4265 ||| SHOPLISTING +2 hand axe of flaming (243 gold, have
                  | 69).
  4360 | D:5      | HP: 8/49 [ogre/+0 giant spiked club (28)]
  4361 | D:5      | 4361 ||| READING 2 scrolls of teleportation.
  4362 | D:5      | 4362 ||| DRINKING 4 potions of heal wounds.
  4388 | D:5      | 4388 ||| FLEEEEING.
  4389 | D:5      | 4389 ||| FLEEEEING.
  4487 | D:5      | Noticed Ijyb
  4489 | D:5      | Reached skill level 8 in Axes
  4489 | D:5      | 4489 ||| Stepping ~*~*~tactically~*~*~ (hiding).
  4500 | D:5      | Killed Ijyb
  4552 | D:5      | Reached skill level 6 in Fighting
  4664 | D:5      | Found Odagil's Assorted Antiques.
  4667 | D:5      | 4667 ||| SHOPLISTING potion of heal wounds (130 gold, have
                  | 80).
  4667 | D:5      | 4667 ||| BUYING scroll labelled RUN ENGUVESH (26 gold).
  4667 | D:5      | Bought a scroll labelled RUN ENGUVESH for 26 gold pieces
  4685 | D:5      | Found a burning altar of Makhleb.
  4717 | D:5      | Found a shimmering altar of Xom.
  4768 | D:5      | Found Gewk's Antique Weapon Emporium.
  4777 | D:5      | 4777 ||| SHOPLISTING glowing whip (121 gold, have 54).
  4777 | D:5      | 4777 ||| SHOPLISTING runed hand axe (132 gold, have 54).
  4777 | D:5      | 4777 ||| SHOPLISTING runed mace (132 gold, have 54).
  4791 | D:5      | Found Ufed's Book Shoppe.
  4812 | D:5      | Noticed Eustachio
  4819 | D:5      | Killed Eustachio
  4990 | D:5      | 4990 ||| UPGRADING to +0 chain mail.
  5000 | D:5      | 5000 ||| DROPPING +0 scale mail.
  5001 | D:5      | 5001 ||| DROPPING scarf of invisibility.
  5002 | D:5      | 5002 ||| READING scroll labelled RUN ENGUVESH.
  5003 | D:5      | 5003 ||| READING 3 scrolls of identify.
  5003 | D:5      | 5003 ||| IDENTIFYING lumpy white potion
  5004 | D:5      | 5004 ||| READING 2 scrolls of identify.
  5004 | D:5      | 5004 ||| IDENTIFYING sapphire potion
  5013 | D:6      | 5013 ||| Stepping ~*~*~tactically~*~*~ (stealth).
  5197 | D:6      | Found a sacrificial altar of Ru.
  5259 | D:6      | 5259 ||| Stepping ~*~*~tactically~*~*~ (hiding).
  5350 | D:6      | Reached skill level 9 in Axes
  5350 | D:6      | Reached XP level 9. HP: 55/55 MP: 9/9
  5591 | D:6      | Found a large runed translucent door.
  5591 | D:6      | Found a large runed translucent door.
  5594 | D:6      | Noticed qw's ghost (novice GrFi)
  5699 | D:6      | 5699 ||| READING scroll labelled GUAW XUZAPOCAF.
  5846 | D:7      | Found a runed translucent door.
  5846 | D:7      | Noticed a sixfirhy
  6061 | D:7      | 6061 ||| READING scroll of enchant weapon.
  6061 | D:7      | 6061 ||| ENCHANTING +1 war axe.
  6070 | D:7      | Found a flagged portal.
  6149 | D:7      | Found an opulent altar of Gozag.
  6227 | D:7      | Found Iblim's Jewellery Boutique.
  6229 | D:7      | Found Bamust's Antique Armour Shop.
  6231 | D:7      | Found Otoupsog's Magic Scroll Boutique.
  6235 | D:7      | 6235 ||| SHOPLISTING amulet of faith (440 gold, have 123).
  6235 | D:7      | 6235 ||| SHOPLISTING amulet of regeneration (330 gold, have
                  | 123).
  6235 | D:7      | 6235 ||| SHOPLISTING ring of fire (275 gold, have 123).
  6235 | D:7      | 6235 ||| SHOPLISTING ring of resist corrosion (220 gold,
                  | have 123).
  6235 | D:7      | 6235 ||| SHOPLISTING ring of willpower (275 gold, have
                  | 123).
  6237 | D:7      | 6237 ||| SHOPLISTING glowing ring mail (238 gold, have
                  | 123).
  6237 | D:7      | 6237 ||| SHOPLISTING pitted ring mail (306 gold, have 123).
  6237 | D:7      | 6237 ||| SHOPLISTING runed ring mail (238 gold, have 123).
  6239 | D:7      | 6239 ||| BUYING scroll of enchant weapon (90 gold).
  6239 | D:7      | Bought a scroll of enchant weapon for 90 gold pieces
  6239 | D:7      | 6239 ||| BUYING scroll of identify (24 gold).
  6239 | D:7      | Bought a scroll of identify for 24 gold pieces
  6239 | D:7      | 6239 ||| SHOPLISTING scroll of identify (24 gold, have 9).
  6239 | D:7      | 6239 ||| SHOPLISTING scroll of teleportation (36 gold, have
                  | 9).
  6239 | D:7      | 6239 ||| READING scroll of enchant weapon.
  6239 | D:7      | 6239 ||| ENCHANTING +2 war axe.
  6408 | D:7      | Found a staircase to the Ecumenical Temple.
  6409 | D:7      | 6409 ||| PLANNING TEMPLE
  6409 | D:7      | 6409 ||| READING scroll labelled ZIF PACRIADDOHA.
  6410 | D:7      | 6410 ||| READING 3 scrolls of identify.
  6410 | D:7      | 6410 ||| IDENTIFYING glowing silvery potion
  6411 | D:7      | 6411 ||| DROPPING potion of degeneration.
  6418 | Temple   | Entered the Ecumenical Temple
  6520 | Temple   | 6520 ||| PLANNING D:1-11
  7056 | D:8      | 7056 ||| Stepping ~*~*~tactically~*~*~ (hiding).
  7157 | D:8      | Noticed Erica
  7168 | D:8      | HP: 14/57 [something (1)]
  7169 | D:8      | Slain by Erica

Levels and vault maps discovered:
D:1:      nicolae_arrival_escape_room, layout_basic
D:2:      layout_loops_cross, serial_forest, infiniplex_forest_straight_1,
          infiniplex_forest_clump_double, infiniplex_forest_lined_3,
          infiniplex_forest_lined_room_3, infiniplex_forest_lined_3,
          infiniplex_forest_3_way
D:3:      layout_basic, ashenzari_conservatory_becter,
          nicolae_sif_muna_little_library, mainiacjoe_overflow_large_starburst,
          minmay_misc_feat_four_crosses, dreamdust_princess_corridor,
          minmay_misc_feat_hallway, grunt_decor_arrowhead,
          uniq_crazy_yiuf_cottage
D:4:      layout_basic, dancing_weapons_uskayaw, biasface_ghost_orc_armoury
D:5:      layout_loops_ring, lemuel_round_altar, mainiacjoe_overflow_chevrons,
          makhleb_blood_cavern_becter, serial_shops, nicolae_shop_peninsula,
          shop, nicolae_shop_advertising_works [nicolae_subvault_shop_adworks],
          nicolae_shop_stone, nicolae_shop_crystal, uniq_edmund, uniq_eustachio,
          uniq_grinder, uniq_ijyb
D:6:      layout_loops_ring, hangedman_ru_absence, ebering_ghost_disaster_area
D:7:      cheibrodos_shockbox, layout_basic, lemuel_doored_altar,
          minmay_temple_entry_junction, enter_bailey_1,
          nicolae_wooded_promenade, lightli_corner_chamber
D:8:      layout_basic, serial_co_window_serial, co_window_paths_a,
          co_window_paths_a, co_window_paths_a, co_window_of_opportunity_a,
          co_window_paths_a, co_window_2corner, co_window_2corner,
          co_window_corner_ca, co_window_unsneaky_path_b, co_window_cross_3,
          co_window_broadway_a, glass_columns_b, glass_columns_a,
          glass_columns_b, uniq_joseph, uniq_erica
Temple:   hellmonk_temple_beads

Skill      XL: |  1  2  3  4  5  6  7  8  9 |
---------------+----------------------------+-----
Axes           | 2 3 5 6 7 9 |  9.2
Fighting       | 4 5 6 7 |  7.1
Dodging        | 1 |  1.6
Armour         | 4 5 |  5.0
Shields        | 4 |  4.1

Action                     |  1- 3 |  4- 6 |  7- 9 || total
---------------------------+-------+-------+-------++-------
  Melee: War axe           |   143 |    80 |   242 ||   465
    Use: Scroll            |     5 |     7 |     9 ||    21
         Potion            |     2 |     1 |     1 ||     4
 Armour: Scale mail        |    71 |    87 |    48 ||   206
         Chain mail        |       |       |    76 ||    76
  Dodge: Dodged            |    72 |    56 |    99 ||   227
  Block: Buckler           |    24 |    19 |    42 ||    85

Table legend:
 A = Non-vault XP
 B = Vault XP
 C = Vault XP percentage of total XP
 D = Non-vault monster count
 E = Vault monster count
 F = Vault count percentage of total count
                 A         B        C        D         E       F
            +---------+---------+-------+---------+---------+-------
      Total |    2587 |     745 |  22.4 |     124 |       6 |   4.6
            +---------+---------+-------+---------+---------+-------
        D:1 |      50 |       0 |   0.0 |      28 |       0 |   0.0
        D:2 |      22 |       0 |   0.0 |      14 |       0 |   0.0
        D:3 |      25 |       0 |   0.0 |      14 |       0 |   0.0
        D:4 |     368 |     277 |  42.9 |      15 |       1 |   6.2
        D:5 |     803 |     468 |  36.8 |      20 |       5 |  20.0
        D:6 |     501 |       0 |   0.0 |      14 |       0 |   0.0
        D:7 |     632 |       0 |   0.0 |      13 |       0 |   0.0
        D:8 |     186 |       0 |   0.0 |       6 |       0 |   0.0
            +---------+---------+-------+---------+---------+-------
